 Dungeon Crawl Stone Soup version 0.28.0 (webtiles) character file.

Game seed: 6487459193145945369

700 HallandMoats the Skirmisher (level 7, 0/62 HPs)
             Began as a Ghoul Monk on Feb 12, 2022.
             Was a Believer of Okawaru.
             Slain by a bullfrog skeleton (4 damage)
             ... on level 5 of the Dungeon.
             The game lasted 00:04:08 (5009 turns).

HallandMoats the Skirmisher (Ghoul Monk)            Turns: 5009, Time: 00:04:09

Health: 0/62       AC:  7    Str: 17    XL:     7   Next: 65%
Magic:  8/8        EV: 10    Int:  5    God:    Okawaru [**....]
Gold:   126        SH:  0    Dex: 11    Spells: 6/6 levels left

rFire   . . .      SeeInvis .     - Unarmed
rCold   + . .      Faith    .   (no shield)
rNeg    + + +      Spirit   .   j - +0 scale mail
rPois   ∞          Reflect  .   o - +0 helmet
rElec   .          Harm     .   (no cloak)
rCorr   .          Rampage  .   (no gloves)
Will    .....                   (no boots)
Stlth   ..........              (no amulet)
HPRegen 0.00/turn               (no ring)
MPRegen 0.11/turn               (no ring)

@: inhibited regen
A: claws 1, cold resistance 1, negative energy resistance 3, inhibited
regeneration, torment resistance 2
a: Renounce Religion, Heroism


You were on level 5 of the Dungeon.
You worshipped Okawaru.
Okawaru was pleased with you.
You visited 2 branches of the dungeon, and saw 6 of its levels.

You collected 126 gold pieces.

Inventory:

Hand Weapons
 t - a +1 vampiric trident
Armour
 j - a +0 scale mail (worn)
 o - a +0 helmet (worn)
Jewellery
 u - a ring of flight
Wands
 p - a wand of iceblast (11)
Scrolls
 a - 4 scrolls of identify {unknown}
 b - 4 scrolls of magic mapping {unknown}
 e - a scroll of immolation {unknown}
 f - a scroll of enchant armour {unknown}
 i - a scroll of noise {unknown}
 k - a scroll of fog {unknown}
 m - 2 scrolls of blinking {unknown}
 n - a scroll of vulnerability {unknown}
Potions
 c - a potion of curing {unknown}
 d - a potion of degeneration {unknown}
 g - a potion of haste {unknown}
 h - a potion of brilliance {unknown}
 l - 2 potions of cancellation {unknown}
 q - a potion of heal wounds {unknown}
 r - a potion of mutation {unknown}
 s - 2 potions of might {unknown}
 v - a potion of lignification {unknown}


   Skills:
 * Level 5.9 Fighting
 + Level 2.3 Armour
 + Level 3.8 Dodging
 - Level 2.1 Stealth
 * Level 5.8 Unarmed Combat
 + Level 2.9 Invocations


You had 6 spell levels left.
You didn't know any spells.
Your spell library contained the following spells:

 Spells                   Type           Power      Damage    Failure   Level
 Searing Ray              Conj           0%         2d4       95%         2
 Static Discharge         Conj/Air       0%         N/A       95%         2
 Portal Projectile        Hex/Tloc       0%         N/A       99%         3
 Excruciating Wounds      Necr           0%         N/A       100%        5
 Iskenderun's Battlesphe  Conj           0%         2d6       100%        5
 Chain Lightning          Conj/Air       0%         N/A       100%        9
 Blade Hands              Tmut           Unusable   N/A       N/A         5

Dungeon Overview and Level Annotations

Branches:
Dungeon (5/15)             Temple (1/1) D:5

Altars:
Ashenzari
Cheibriados
Dithmenos
Elyvilon
Fedhas
Gozag
Hepliaklqana
Kikubaaqudgha
Makhleb
Nemelex Xobeh
Okawaru
Ru
Sif Muna
Trog
Uskayaw
Vehumet
Wu Jian
Xom
Yredelemnul
Zin
The Shining One

Shops:
D:3 (


Innate Abilities, Weirdness & Mutations

You thrive by killing the living.
You are immune to poison.
You have sharp fingernails.
Your flesh is cold resistant. (rC+)
You are immune to negative energy. (rN+++)
You do not regenerate when monsters are visible.
You are immune to unholy pain and torment.


Message History

The phantom is severely damaged.
You claw the phantom!
The phantom is almost destroyed.
The phantom barely misses you.
You barely miss the phantom.
The phantom is almost destroyed.
The phantom hits you.
You miss the phantom.
The phantom is almost destroyed.
The phantom hits you.
You miss the phantom.
The phantom is almost destroyed.
The bullfrog skeleton hits you.
* * * LOW HITPOINT WARNING * * *
The phantom hits you.
* * * LOW HITPOINT WARNING * * *
The phantom blinks!
You blink.
You scratch the phantom but do no damage.
The phantom is almost destroyed.
The phantom hits you.
* * * LOW HITPOINT WARNING * * *
The phantom blinks!
You blink.
You closely miss the phantom.
The phantom is almost destroyed.
The phantom hits you but does no damage.
You scratch the phantom.
You destroy the phantom!
Okawaru accepts your kill.
The bullfrog skeleton closely misses you.
You claw the bullfrog skeleton!
The bullfrog skeleton is moderately damaged.
The bullfrog skeleton hits you.
* * * LOW HITPOINT WARNING * * *
You claw the bullfrog skeleton!
The bullfrog skeleton is severely damaged.
The bullfrog skeleton closely misses you.
You barely miss the bullfrog skeleton.
The bullfrog skeleton is severely damaged.
The bullfrog skeleton hits you.
You die...

########.### #.##....
#..........####)....##
##........###.##
##.....###.###.#
#..............#
#.##..####.#####
##.8.#.# #.#
#......####.#
##8@>.8......#
########.Z....#######
.........#.8.##
######..###.#.# #..#
#.#.# #..# #.#.# #...
#.#.# #.#. #..........
#. . #....######


You could see a bullfrog skeleton.

Vanquished Creatures
  An ogre (D:3)
  A necrophage (D:4)
  A centaur (D:5)
  A phantom (D:5)
  A bullfrog (D:4)
  A scorpion (D:4)
  A jelly (D:4)
  An orc priest (D:4)
  Natasha (twice) (D:3)
  Terence (D:3)
  A hound skeleton (D:2)
  A gnoll (D:1)
  An adder (D:4)
  2 worms
  2 dart slugs
  6 bats
  8 endoplasms
  A giant cockroach (D:1)
  11 goblins
  4 hobgoblins
  5 jackals (D:1)
  7 kobolds
  A quokka (D:4)
  5 ball pythons
  3 frilled lizards
  4 rats
73 creatures vanquished.

Notes
Turn   | Place    | Note
-------+----------+-------------------------------------------
     0 | D:1      | HallandMoats the Ghoul Monk began the quest for the Orb.
     0 | D:1      | Reached XP level 1. HP: 19/19 MP: 0/0
   300 | D:1      | Reached XP level 2. HP: 25/26 MP: 1/1
   740 | D:1      | Reached XP level 3. HP: 33/33 MP: 2/2
  1341 | D:2      | Reached skill level 1 in Invocations
  1341 | D:2      | Reached XP level 4. HP: 25/40 MP: 3/3
  2492 | D:3      | Noticed Natasha
  2502 | D:3      | Killed Natasha
  2503 | D:3      | Reached skill level 1 in Armour
  2701 | D:3      | Noticed Terence
  2720 | D:3      | Killed Terence
  2721 | D:3      | Reached XP level 5. HP: 34/47 MP: 3/5
  2826 | D:3      | Found a faded altar of an unknown god.
  3237 | D:3      | Found Ruettetai's Weapon Shop.
  3319 | D:3      | Noticed Natasha
  3329 | D:3      | Killed Natasha
  3672 | D:4      | Noticed an ogre
  3685 | D:3      | Killed an ogre
  3686 | D:3      | Reached XP level 6. HP: 30/55 MP: 6/6
  3878 | D:4      | Noticed a necrophage
  3886 | D:4      | Killed a necrophage
  3887 | D:4      | Reached skill level 5 in Fighting
  3887 | D:4      | Reached skill level 5 in Unarmed Combat
  4039 | D:4      | Reached XP level 7. HP: 58/61 MP: 7/7
  4199 | D:4      | Got the Disquisition on Battle Magic
  4458 | D:5      | Entered Level 5 of the Dungeon
  4672 | D:5      | Found a staircase to the Ecumenical Temple.
  4693 | Temple   | Entered the Ecumenical Temple
  4961 | Temple   | Became a worshipper of Warmaster Okawaru
  4961 | Temple   | Reached * piety under Okawaru
  4961 | Temple   | Reached ** piety under Okawaru
  5009 | D:5      | Slain by a bullfrog skeleton

Illustrated notes

Levels and vault maps discovered:
D:1:      dpeg_arrival_erosion, layout_basic
D:2:      layout_basic, kennysheep_generic_room_5
D:3:      layout_loops_corners, ebering_ecumenical_altar_abandoned,
          serial_forest, infiniplex_forest_straight_5,
          infiniplex_forest_clump_tiny, infiniplex_forest_clump_curved,
          infiniplex_forest_clump_tiny, infiniplex_forest_split,
          infiniplex_forest_lined_3, infiniplex_forest_split,
          infiniplex_forest_3_way, serial_shops, nicolae_lakefront_shop,
          chequers_serial_rivers_large_a, minmay_misc_feat_alley, uniq_natasha,
          uniq_terence
D:4:      layout_rooms, serial_curves, eino_curves_01, eino_curves_01,
          minmay_checkerbox
D:5:      layout_loops_corners, grunt_qazlal_sundering,
          minmay_temple_entry_statues_pillars, serial_rivers,
          chequers_serial_rivers_micro_e, chequers_serial_rivers_micro_c,
          chequers_serial_rivers_micro_d, chequers_serial_rivers_room_b,
          chequers_serial_rivers_micro_e, chequers_serial_rivers_room_a,
          minmay_misc_feat_ornament, grunt_ministairs_8,
          hangedman_decor_opposing, chequers_serial_rivers_micro_c,
          nrook_mini_vaults
Temple:   nicolae_temple_the_god_donut

Skill      XL: |  1  2  3  4  5  6 |
---------------+-------------------+-----
Fighting       | 4 5 |  5.9
Dodging        | 3 |  3.8
Unarmed Combat | 4 5 |  5.8
Invocations    | 1 2 |  2.9
Armour         | 1 2 |  2.3
Stealth        | |  2.1

Action                   |  1- 3 |  4- 6 |  7- 9 || total
-------------------------+-------+-------+-------++-------
Melee: Unarmed           |   102 |   112 |    52 ||   266
       Punch             |     2 |     4 |     3 ||     9
 Stab: Sleeping          |     2 |       |       ||     2
Armor: Robe              |    18 |     8 |       ||    26
       Scale mail        |       |    28 |    21 ||    49
Dodge: Dodged            |    62 |    52 |    36 ||   150
